Map: Blueshift LE

Players

Raze - Winner!

  • Race: Protoss Protoss
  • Spawn Location: 1:00

THERIDDLER

  • Race: Terran Terran
  • Spawn Location: 7:00

Event: WCS Montreal 2018

VOD

Have the link to the VOD?

Description

Time

  • Played on: Sept. 7, 2018, 12:48 p.m.
  • Length: 17:09

All games in this series

Show
View Real Time Build Order
Export as new Build Order

Raze Protoss - Winner!

Build Orders: 1 Gate Expand, Blink Stalkers 

Get SALT Encoding   

  12  0:00  Probe  
  13  0:12  Probe  
  14  0:18  Pylon  
  14  0:23  Probe  
  15  0:32  Probe  
  15  0:37  Gateway  
  15  0:41  Probe  
  16  0:46  Assimilator  
  17  0:53  Probe  
  18  1:05  Probe  
  19  1:17  Probe  
  20  1:23  Nexus  
  20  1:32  Cybernetics Core  
  20  1:35  Probe  
  21  1:40  Assimilator  
  21  1:48  Probe  
  21  1:50  Pylon  
  21  1:57  Probe  
  21  1:59  Adept  
  22  2:05  Probe  
  24  2:13  Warp Gate  
  24  2:14  Probe  
  26  2:25  Stalker  
  26  2:26  Probe  
  29  2:34  Robotics Facility  
  29  2:37  Probe  
  29  2:38  Probe  
  31  2:45  Probe  
  31  2:50  Probe  
  33  2:57  Stalker  
  33  2:58  Probe  
  35  3:02  Probe  
  37  3:08  Twilight Council  
  37  3:10  Probe  
  37  3:12  Probe  
  39  3:21  Observer  
  39  3:22  Probe x2  
  42  3:27  Stalker  
  42  3:30  Pylon  
  44  3:34  Probe  
  44  3:37  Probe  
  44  3:38  Blink  
  46  3:41  Shield Battery  
  46  3:48  Probe  
  47  3:56  Gateway  
  47  3:57  Gateway, Probe  
  47  4:00  Probe  
  47  4:01  Observer  
  50  4:09  Probe  
  51  4:14  Probe  
  51  4:15  Pylon  
  52  4:21  Probe  
  53  4:29  Gateway  
  53  4:30  Gateway  
  53  4:33  Stalker  
  56  4:38  Probe x2  
  51  4:54  Probe  
  51  4:55  Probe  
  53  5:06  Probe  
  54  5:09  Probe  
  54  5:10  Stalker, Nexus  
  54  5:12  Pylon  
  57  5:18  Observer  
  57  5:19  Probe  
  59  5:22  Probe  
  59  5:23  Forge  
  59  5:24  Forge  
  59  5:25  Assimilator  
  60  5:29  Assimilator  
  60  5:31  Probe  
  60  5:34  Probe  
  59  5:43  Probe  
  59  5:44  Protoss Ground Weapons Level 1, Protoss Ground Armor Level 1  
  59  5:46  Probe  
  60  5:55  Probe  
  60  5:56  Robotics Bay  
  61  5:58  Probe  
  62  6:07  Probe  
  62  6:11  Probe  
  64  6:12  Pylon, Immortal  
  64  6:19  Probe  
  64  6:23  Probe  
  70  6:30  Probe  
  70  6:31  Sentry x2, Probe  
  70  6:32  Zealot x3  
  81  6:35  Probe  
  82  6:42  Disruptor, Probe  
  82  6:43  Probe  
  84  6:51  Probe  
  88  6:54  Probe  
  88  6:55  Pylon, Probe  
  90  7:01  Charge  
  90  7:05  Gateway  
  90  7:06  Pylon  
  90  7:07  Pylon  
  90  7:11  Stalker  
  90  7:12  Disruptor  
  90  7:15  Stalker x2, Pylon  
  96  7:18  Probe x2  
  101  7:38  Pylon  
  101  7:40  Stalker x3  
  107  7:44  Probe x2  
  107  7:51  Disruptor  
  108  7:54  Probe, Assimilator  
  108  7:56  Probe x2  
  108  7:57  Assimilator  
  108  7:58  Pylon x2  
  108  8:13  Zealot x4  
  108  8:17  Zealot x2  
  120  8:20  Probe  
  120  8:22  Pylon  
  120  8:25  Shield Battery  
  121  8:27  Disruptor  
  121  8:30  Extended Thermal Lance  
  121  8:31  Robotics Facility  
  124  8:38  Stalker x4  
  124  8:40  Zealot x2  
  131  9:00  Protoss Ground Armor Level 2, Protoss Ground Weapons Level 2  
  120  9:08  Zealot x6  
  127  9:21  Observer  
  127  9:23  Colossus x2  
  115  9:29  Probe x3  
  126  9:45  Nexus  
  126  9:47  Pylon, Photon Cannon  
  126  9:50  Pylon  
  126  9:51  Gateway  
  126  9:52  Shield Battery  
  126  9:55  Gateway  
  126  9:56  Dark Shrine  
  126  9:58  Stalker x3  
  132  10:00  Sentry, Zealot x2  
  132  10:07  Colossus  
  138  10:08  Colossus  
  138  10:19  Pylon  
  150  10:36  Zealot  
  150  10:46  Templar Archives  
  150  10:49  Probe  
  149  10:50  Pylon  
  149  10:51  Zealot x5  
  158  10:58  Zealot x3  
  160  11:12  Zealot x5  
  167  11:19  Psionic Storm  
  163  11:29  Probe, Zealot x2  
  163  11:30  Probe x3  
  170  11:39  Protoss Ground Armor Level 3, Protoss Ground Weapons Level 3  
  170  11:46  Zealot x2  
  174  11:49  Dark Templar x3  
  180  12:04  Pylon  
  180  12:05  Assimilator  
  180  12:06  Pylon  
  180  12:08  Assimilator  
  180  12:09  Pylon  
  180  12:13  Pylon  
  172  12:31  Stalker x2  
  172  12:33  Stalker  
  172  12:34  Stalker  
  174  12:37  Zealot x4  
  177  13:13  High Templar x3  
  177  13:16  Probe x2  
  184  13:23  Probe x2  
  186  13:28  Probe  
  186  13:29  High Templar  
  186  13:30  Stalker x2  
  193  13:35  Protoss Air Weapons Level 1  
  193  13:39  Stargate  
  187  13:48  Stalker  
  187  13:49  Zealot x4  
  189  14:19  Protoss Shields Level 1  
  189  14:21  High Templar x2  
  189  14:23  Probe x3  
  196  14:25  Stalker x2  
  198  14:41  Fleet Beacon  
  198  14:43  Stargate  
  198  14:44  Archon  
  198  14:45  Stargate  
  180  14:49  High Templar, Zealot x3  
  180  14:50  Dark Templar x2  
  182  14:53  Probe  
  182  14:54  Probe  
  182  14:55  Probe  
  185  15:10  High Templar x3  
  187  15:21  Zealot  
  181  15:23  Dark Templar, Tempest x2  
  181  15:26  Tempest  
  181  15:32  Pylon  
  181  15:33  Pylon  
  191  16:07  Nexus  
  191  16:09  Pylon  
  191  16:12  Pylon  
  191  16:16  Tempest  
  197  16:28  High Templar  
  173  16:54  Zealot x3  
  173  16:55  Zealot x4  
  180  17:06  Archon  
Show
View Real Time Build Order
Export as new Build Order

THERIDDLER Terran 

Build Orders: MMM Bio 

Get SALT Encoding   

  12  0:00  SCV  
  13  0:12  SCV  
  14  0:16  Supply Depot  
  14  0:25  SCV  
  15  0:38  SCV  
  15  0:39  Barracks  
  16  0:44  Refinery  
  16  0:50  SCV  
  17  1:02  SCV  
  18  1:14  SCV  
  19  1:26  Marine  
  19  1:27  Orbital Command  
  20  1:41  Command Center  
  20  1:50  Factory  
  20  1:54  SCV  
  21  2:04  Barracks Reactor  
  21  2:07  SCV  
  22  2:10  Supply Depot  
  22  2:19  SCV  
  23  2:31  SCV  
  23  2:35  Hellion  
  26  2:40  Marine x2  
  26  2:42  Starport  
  26  2:43  SCV  
  29  2:53  Orbital Command  
  29  2:55  SCV  
  29  3:08  Hellion x2, Marine  
  29  3:10  Supply Depot  
  29  3:11  SCV  
  35  3:20  Medivac  
  35  3:23  SCV x2  
  39  3:30  Hellion  
  39  3:31  Marine  
  42  3:35  SCV x2  
  44  3:41  Supply Depot  
  44  3:47  SCV x2  
  46  4:00  SCV  
  46  4:02  Marine x2  
  49  4:04  SCV  
  49  4:06  Factory Tech Lab, Supply Depot  
  49  4:09  Barracks x2  
  50  4:12  SCV  
  50  4:15  Supply Depot  
  50  4:16  SCV  
  52  4:20  Starport Reactor, Marine x2  
  52  4:22  Refinery  
  52  4:24  SCV  
  55  4:28  SCV  
  56  4:33  Siege Tank  
  56  4:35  Supply Depot  
  56  4:37  SCV, Marine  
  56  4:38  Refinery  
  61  4:40  SCV  
  60  4:47  Marine  
  60  4:51  SCV  
  62  4:53  SCV  
  62  4:55  Marine  
  62  4:59  Barracks Tech Lab x2, Refinery  
  64  5:03  SCV  
  64  5:05  SCV  
  66  5:09  Supply Depot  
  66  5:14  Marine x2  
  67  5:15  Medivac, SCV  
  67  5:17  SCV  
  67  5:19  Supply Depot  
  72  5:24  Marauder x2  
  72  5:28  SCV  
  77  5:29  SCV  
  77  5:30  Stimpack  
  77  5:31  Marine  
  77  5:32  Marine  
  80  5:40  SCV  
  80  5:41  SCV  
  80  5:44  Siege Tank  
  80  5:45  Marine x2  
  80  5:49  Marine x2  
  80  5:50  Combat Shields  
  80  5:55  Command Center  
  81  6:01  Barracks  
  81  6:03  Barracks, Marine  
  81  6:04  Medivac, Engineering Bay  
  84  6:07  Marauder  
  84  6:11  Medivac  
  88  6:15  SCV  
  88  6:17  SCV  
  90  6:23  Marine  
  90  6:24  Marauder  
  93  6:34  Marine x2  
  93  6:35  Medivac  
  93  6:39  SCV  
  98  6:42  Engineering Bay, SCV, Terran Infantry Weapons Level 1, Supply Depot  
  98  6:45  Marauder  
  100  6:47  Marine  
  100  6:52  Barracks Reactor, SCV  
  102  6:57  Supply Depot x2  
  102  6:59  Supply Depot  
  102  7:03  SCV, Marine x2  
  102  7:04  Marauder, SCV  
  108  7:10  Marine  
  108  7:11  Medivac x2, Marine  
  115  7:18  Supply Depot  
  113  7:25  Marauder  
  113  7:28  SCV  
  116  7:30  Ghost Academy  
  116  7:32  SCV, Barracks Reactor, Marine x2  
  116  7:33  Marauder  
  116  7:34  Barracks Tech Lab  
  116  7:35  Orbital Command  
  121  7:40  SCV  
  121  7:42  Marine x2  
  121  7:43  Medivac  
  126  7:46  Marauder  
  126  7:51  Concussive Shells  
  128  7:52  Factory Reactor  
  128  7:55  Marauder, Marine x2  
  128  7:56  Medivac, Marauder  
  135  8:09  Marine  
  135  8:11  Marine x2  
  135  8:12  Siege Tank  
  139  8:17  Marauder  
  141  8:22  SCV x3, Marine x2  
  141  8:23  Marauder  
  141  8:25  Refinery  
  141  8:26  Refinery  
  148  8:28  Supply Depot  
  148  8:29  Terran Infantry Armor Level 1, Supply Depot  
  148  8:31  Supply Depot  
  148  8:33  Armory  
  148  8:36  Marine x2  
  148  8:37  Marauder  
  152  8:43  Supply Depot x2  
  152  8:55  Marine x2  
  156  8:56  Marauder  
  141  9:05  Marauder, Marine  
  141  9:06  Marauder  
  141  9:07  Marine  
  141  9:08  Medivac, Siege Tank  
  141  9:13  Marine  
  142  9:17  Marauder  
  142  9:21  Marine  
  124  9:27  Marauder x2, Marine  
  110  9:32  Marine x2  
  110  9:33  Medivac  
  113  9:38  Marauder  
  113  9:39  Marine  
  113  9:45  Marine  
  114  9:48  Marauder x2, Siege Tank  
  114  9:50  Marine x2  
  124  9:55  Barracks  
  124  9:56  Medivac, Barracks  
  124  9:57  Marine  
  124  9:58  Command Center  
  129  10:00  Marauder, Liberator  
  129  10:03  Marine  
  130  10:07  Marine  
  130  10:08  Marine  
  130  10:09  Liberator, Marine  
  130  10:10  Marauder  
  135  10:14  Supply Depot  
  135  10:15  Marine  
  135  10:21  Marauder, Marine  
  142  10:28  Marauder  
  147  10:41  Marine  
  147  10:42  Marauder, Marine x2  
  150  10:43  Marauder  
  150  10:44  Barracks Tech Lab x2  
  150  10:45  Siege Tank  
  150  10:46  Marine  
  150  10:48  Marine  
  155  10:59  Marine x3  
  155  11:01  Terran Infantry Weapons Level 2  
  155  11:02  Terran Infantry Armor Level 2  
  155  11:04  Marauder x2  
  160  11:07  Marauder  
  158  11:12  Marine x2  
  158  11:13  Marauder  
  158  11:17  Marine x3  
  161  11:25  Marauder x2  
  149  11:27  Medivac x2, Siege Tank  
  149  11:28  Marauder  
  149  11:30  Marine  
  149  11:31  Marauder  
  161  11:34  Marine  
  161  11:35  Marine x3  
  155  11:44  Missile Turret  
  155  11:47  Marauder x2  
  152  11:48  Marine  
  152  11:50  Marauder  
  152  11:51  Marine  
  152  11:52  Marine  
  152  11:53  Marine x3  
  160  11:54  Missile Turret  
  160  11:57  Medivac x2  
  164  12:06  Marine  
  164  12:08  Marauder x2  
  169  12:09  Marine  
  169  12:10  Marauder, Terran Vehicle Weapons Level 1, Marine  
  169  12:13  Marine  
  174  12:20  Planetary Fortress  
  165  12:24  Marine x3  
  165  12:28  Marauder  
  165  12:29  Marauder x3  
  168  12:31  Marine x2  
  166  12:42  Marine x3  
  166  12:48  SCV  
  166  12:49  Marauder x2, Marine  
  166  12:50  Marine x3  
  166  12:51  SCV x2  
  175  12:53  Missile Turret  
  172  12:59  Marine  
  172  13:00  SCV, Marine x2  
  170  13:08  Marauder x2  
  170  13:11  Marauder, Marine  
  174  13:14  Siege Tank, Marine x2  
  174  13:15  Liberator x2  
  178  13:29  Marauder  
  178  13:31  Marine x2  
  178  13:32  Marauder x2  
  192  13:47  Siege Tank  
  195  13:53  Marine  
  195  13:54  Marauder, Marine  
  199  13:59  Sensor Tower  
  197  14:15  Medivac x2, Personal Cloaking  
  185  14:27  Marine  
  185  14:28  Marauder, Missile Turret  
  188  14:32  Marine  
  188  14:33  Marauder  
  189  14:45  Medivac  
  188  14:46  Marine  
  188  14:47  Marauder, Marine  
  192  14:57  Marine x2  
  192  14:58  Marauder x2, Ghost x2  
  174  15:05  Marine  
  159  15:08  Marine  
  159  15:09  Marauder  
  159  15:10  Siege Tank  
  161  15:15  Marine  
  161  15:18  Medivac  
  161  15:19  Marauder, Marine x2  
  165  15:26  Marine x2  
  165  15:27  Marauder x2  
  166  15:30  Marauder  
  166  15:32  SCV  
  166  15:33  SCV  
  168  15:39  Ghost  
  168  15:40  Marine x2  
  156  15:52  Marine  
  156  15:53  Marauder x2, Marine  
  160  15:58  Marauder, Marine x2  
  164  16:13  Marauder, Marine x2  
  164  16:17  Marine x2  
  164  16:18  Marauder x2, Refinery  
  174  16:22  Refinery, Marine  
  174  16:23  Marauder  
  174  16:35  Marauder  
  167  16:48  Marine x4  
Tags
 
Add a new tag
Caveats
  • Supply blocks, unpowered buildings, or Contaminate may cause inaccurate times.
  • Supply counts are checked every 10 seconds.